[Event "Titled Tuesday Blitz March 15 Late 2022"]
[White "Iskusnyh, Sergei"]
[Black "Kucuksari, Kaan"]
[WhiteFideId "4120027"]
[BlackFideId "6380166"]
[WhiteElo "2492"]
[BlackElo "2305"]
[Result "0-1"]
[Round "10"]
[TimeControl "180+1"]
[Date "2022.03.15"]
[WhiteClock "0:00:17"]
[BlackClock "0:00:34"]

1. d4 d5 2. c4 c6 3. Nf3 Nf6 4. Qb3 dxc4 5. Qxc4 Bf5 6. g3 e6 7. Bg2 Nbd7 8. O-O Be7 9. e3 O-O 10. Rd1 h6 11. Qe2 Ne4 12. Ne1 Ndf6 13. f3 Ng5 14. e4 Bg6 15. Be3 Nd7 16. Nd3 f5 17. Nf4 Bf7 18. e5 Nb6 19. Nc3 Nd5 20. Ncxd5 exd5 21. Qd3 Qc8 22. Rac1 a5 23. h4 Nh7 24. Bh3 Be6 25. Kh2 g5 26. Nxe6 Qxe6 27. hxg5 hxg5 28. g4 f4 29. Bf2 Kg7 30. Rh1 Rh8 31. Kg1 Nf8 32. Bf1 Rxh1+ 33. Kxh1 Qh6+ 34. Kg1 Ne6 35. Be2 Rh8 36. Kf1 Bb4 37. Bd1 Qh1+ 38. Ke2 Rh2 39. Qf5 Nxd4+ 40. Kd3 Nxf5 41. gxf5 Rxf2 0-1


[Site "https://www.chess.com"]

[Event "Titled Tuesday Blitz March 15 Late 2022"]
[White "Jaferian, Koosha"]
[Black "Romanchuk, Viktor"]
[WhiteFideId "12507440"]
[BlackFideId "14109271"]
[WhiteElo "2030"]
[BlackElo "2242"]
[Result "0-1"]
[Round "10"]
[TimeControl "180+1"]
[Date "2022.03.15"]
[WhiteClock "0:01:30"]
[BlackClock "0:01:40"]

1. Nf3 d5 2. b3 c6 3. Bb2 Bf5 4. g3 e6 5. Bg2 Nd7 6. O-O h6 7. d3 Ngf6 8. Nbd2 Bh7 9. e3 Bc5 10. Qe2 Qe7 11. Ne1 Ba3 12. Bxa3 Qxa3 13. f4 a5 14. Nef3 a4 15. Rab1 Qxa2 16. bxa4 Qxc2 17. Rxb7 Bxd3 18. Qd1 Qxa4 19. Qxa4 Rxa4 20. Ne5 Bxf1 21. Bxf1 Ra8 22. Nxc6 O-O 23. Bb5 Nc5 24. Rc7 Nce4 25. Nf3 Ra1+ 26. Kg2 Ra2+ 27. Kg1 Ng4 28. f5 Nxe3 29. Nh4 Ra1+ 0-1


[Site "https://www.chess.com"]

[Event "Titled Tuesday Blitz March 15 Late 2022"]
[White "Jarocka, Liwia"]
[Black "Petre, Nad-Titus"]
[WhiteFideId "21807558"]
[BlackFideId "1204165"]
[WhiteElo "1896"]
[BlackElo "2354"]
[Result "0-1"]
[Round "10"]
[TimeControl "180+1"]
[Date "2022.03.16"]
[WhiteClock "0:00:57"]
[BlackClock "0:00:29"]

1. d4 Nf6 2. Nf3 b6 3. g3 Bb7 4. Bg2 c5 5. O-O cxd4 6. Nxd4 Bxg2 7. Kxg2 d5 8. c4 e5 9. Nf3 e4 10. Nd4 Bc5 11. cxd5 Qxd5 12. Nb5 Qc6 13. Nd4 Qb7 14. e3 O-O 15. Nb3 Nbd7 16. Nc3 Rfd8 17. Qe2 Bf8 18. Nd4 Ne5 19. Rd1 g6 20. b3 Rac8 21. Bb2 Nd3 22. Kg1 Nxb2 23. Qxb2 a6 24. Rac1 b5 25. Nce2 Bg7 26. h4 Ng4 27. Rxc8 Rxc8 28. Rc1 Ne5 29. Rxc8+ Qxc8 30. Qc2 Nf3+ 31. Kf1 Qh3# 0-1


[Site "https://www.chess.com"]

[Event "Titled Tuesday Blitz March 15 Late 2022"]
[White "Jaskolka, Tomasz"]
[Black "Sanchez, Robert"]
[WhiteFideId "1170791"]
[BlackFideId "2034360"]
[WhiteElo "2073"]
[BlackElo "2325"]
[Result "1-0"]
[Round "10"]
[TimeControl "180+1"]
[Date "2022.03.16"]
[WhiteClock "0:01:03"]
[BlackClock "0:00:32"]

1. d4 e6 2. Bf4 f5 3. e3 Nf6 4. c3 Be7 5. Nd2 O-O 6. Ngf3 b6 7. h3 Bb7 8. Rg1 Nd5 9. Bh2 f4 10. e4 Nf6 11. Bd3 Ne8 12. g3 fxg3 13. Bxg3 c5 14. Qe2 Nc6 15. d5 Na5 16. O-O-O c4 17. Bc2 exd5 18. Be5 Bf6 19. exd5 b5 20. Ne4 Bxe5 21. Nxe5 Qe7 22. Qh5 d6 23. Qxh7+ Kxh7 24. Nf6+ Kh8 25. Ng6# 1-0


[Site "https://www.chess.com"]

[Event "Titled Tuesday Blitz March 15 Late 2022"]
[White "Kamsky, Gata"]
[Black "Arabidze, Meri"]
[WhiteFideId "2000024"]
[BlackFideId "13604040"]
[WhiteElo "2645"]
[BlackElo "2335"]
[Result "1-0"]
[Round "10"]
[TimeControl "180+1"]
[Date "2022.03.15"]
[WhiteClock "0:00:19"]
[BlackClock "0:00:04"]

1. d4 f5 2. Nc3 Nf6 3. Bg5 d5 4. e3 c6 5. Bd3 Qb6 6. Rb1 g6 7. Nf3 Be6 8. O-O Nbd7 9. Na4 Qd8 10. b3 Bg7 11. c4 O-O 12. Bf4 Nh5 13. Re1 Bf7 14. Nc3 a6 15. cxd5 cxd5 16. Ne2 Rc8 17. Qd2 Ndf6 18. Be5 Ne4 19. Qb4 b5 20. Bxg7 Kxg7 21. Rbc1 Qd6 22. Qa5 Nhf6 23. Ne5 Nd7 24. Nxd7 Qxd7 25. Qxa6 b4 26. Qb5 Qxb5 27. Bxb5 Ra8 28. Rc2 Ra7 29. f3 Nd6 30. Bd3 Rfa8 31. Nc1 Be8 32. Rc5 e6 33. Re2 Kf6 34. Rec2 g5 35. Kf2 h5 36. Rc7 h4 37. Rxa7 Rxa7 38. Rc5 f4 39. g3 hxg3+ 40. hxg3 fxe3+ 41. Kxe3 Bd7 42. g4 Ke7 43. Rc2 Ra8 44. Rh2 Nb5 45. Bxb5 Bxb5 46. Rh7+ Kf6 47. Rb7 Ra5 48. Rb6 Ke7 49. f4 gxf4+ 50. Kxf4 Kd7 51. Ke5 Kc7 52. Rxe6 Ra8 53. Kxd5 Bd7 54. Re7 Rg8 55. Nd3 Rxg4 56. Rxd7+ Kxd7 57. Ne5+ 1-0


[Site "https://www.chess.com"]

[Event "Titled Tuesday Blitz March 15 Late 2022"]
[White "Koutlas, Nikolaos"]
[Black "Chiu, Isaac"]
[WhiteFideId "25827138"]
[BlackFideId "30900654"]
[WhiteElo "1610"]
[BlackElo "2117"]
[Result "1-0"]
[Round "10"]
[TimeControl "180+1"]
[Date "2022.03.16"]
[WhiteClock "0:01:05"]
[BlackClock "0:01:01"]

1. c4 c5 2. Nc3 Nf6 3. g3 d5 4. cxd5 Nxd5 5. Bg2 Nxc3 6. bxc3 g6 7. Rb1 Bg7 8. Rxb7 Bxb7 9. Bxb7 Nd7 10. Bxa8 Qxa8 11. Nf3 O-O 12. O-O Qd5 13. Qc2 c4 14. Ba3 Re8 15. Rb1 e5 16. e4 Qc6 17. d3 Nf6 18. Rb4 cxd3 19. Qxd3 h6 20. Qc4 Qd7 21. Rb5 Rc8 22. Rc5 Rb8 23. Nxe5 Qh3 24. Qxf7+ Kh8 25. Bb4 Rd8 26. Qb3 Kh7 27. Rc7 Rd2 28. Rxg7+ Kxg7 29. Qf7+ Kh8 30. Nxg6# 1-0


[Site "https://www.chess.com"]

[Event "Titled Tuesday Blitz March 15 Late 2022"]
[White "Lazavik, Denis"]
[Black "Urazayev, Arystanbek"]
[WhiteFideId "13515110"]
[BlackFideId "13709810"]
[WhiteElo "2437"]
[BlackElo "2393"]
[Result "1-0"]
[Round "10"]
[TimeControl "180+1"]
[Date "2022.03.15"]
[WhiteClock "0:01:23"]
[BlackClock "0:00:42"]

1. d4 d5 2. c4 e6 3. Nf3 Nf6 4. g3 Bb4+ 5. Bd2 Be7 6. Bg2 O-O 7. O-O Nbd7 8. Qc2 Ne4 9. Bf4 c6 10. Nc3 g5 11. Be3 Nd6 12. b3 Nf5 13. Rad1 g4 14. Ne1 Nxe3 15. fxe3 Bg5 16. e4 dxc4 17. bxc4 c5 18. d5 Be3+ 19. Kh1 Qg5 20. Nd3 Ne5 21. Nf4 Ng6 22. Nd3 Bd7 23. e5 f5 24. exf6 Rxf6 25. Ne4 Rxf1+ 26. Rxf1 Qe7 27. d6 Qd8 28. Ndxc5 Bd4 29. Qd2 Bg7 30. Nxd7 Qxd7 31. Nc5 Qe8 32. d7 Qe7 33. Nxb7 Rd8 34. Nxd8 Qxd8 35. c5 Ne5 36. c6 1-0


[Site "https://www.chess.com"]

[Event "Titled Tuesday Blitz March 15 Late 2022"]
[White "Le Goff, Ronan"]
[Black "Swicarz, Maciej"]
[WhiteFideId "612073"]
[BlackFideId "1113585"]
[WhiteElo "2276"]
[BlackElo "2057"]
[Result "1-0"]
[Round "10"]
[TimeControl "180+1"]
[Date "2022.03.16"]
[WhiteClock "0:00:13"]
[BlackClock "0:00:07"]

1. d4 Nf6 2. c4 e6 3. Nc3 Bb4 4. e3 O-O 5. Ne2 b6 6. a3 Be7 7. g4 Nxg4 8. Bg2 c6 9. Nf4 d5 10. Qxg4 e5 11. Qh5 exf4 12. cxd5 Bb7 13. Rg1 g6 14. Qh3 cxd5 15. exf4 Bf6 16. Be3 Nc6 17. O-O-O Na5 18. f5 Bc8 19. Bxd5 Kh8 20. Be4 Re8 21. Bc2 Nc4 22. Qf3 Ba6 23. fxg6 fxg6 24. Nd5 Bg7 25. Bg5 Qd7 26. Bf6 Bb7 27. Bxg7+ Qxg7 28. Rg5 Rad8 29. Be4 Nd6 30. Re5 Rf8 31. Qe3 Nxe4 32. Qxe4 Qd7 33. Qh4 Bxd5 34. Re7 Qc6+ 35. Kb1 h5 36. Qg5 1-0


[Site "https://www.chess.com"]

[Event "Titled Tuesday Blitz March 15 Late 2022"]
[White "Lehtosaari, Mauri"]
[Black "Zaksaite, Salomeja"]
[WhiteFideId "501999"]
[BlackFideId "12801496"]
[WhiteElo "2447"]
[BlackElo "1953"]
[Result "1-0"]
[Round "10"]
[TimeControl "180+1"]
[Date "2022.03.16"]
[WhiteClock "0:00:47"]
[BlackClock "0:00:45"]

1. d4 Nf6 2. Nf3 g6 3. Bg5 Bg7 4. Nbd2 d5 5. e3 O-O 6. Be2 c6 7. O-O Nbd7 8. c4 e6 9. Ne5 Qc7 10. f4 dxc4 11. Ndxc4 c5 12. Nxd7 Bxd7 13. Ne5 cxd4 14. Qxd4 Nd5 15. Rac1 Qd6 16. e4 Qb6 17. Qxb6 Nxb6 18. Nxd7 Nxd7 19. e5 Rac8 20. Bf3 Nc5 21. Rfd1 h6 22. Be7 1-0


[Site "https://www.chess.com"]

[Event "Titled Tuesday Blitz March 15 Late 2022"]
[White "Lysyj, Igor"]
[Black "Narayanan.S.L"]
[WhiteFideId "4150120"]
[BlackFideId "5058422"]
[WhiteElo "2611"]
[BlackElo "2494"]
[Result "0-1"]
[Round "10"]
[TimeControl "180+1"]
[Date "2022.03.15"]
[WhiteClock "0:00:11"]
[BlackClock "0:00:16"]

1. d4 Nf6 2. c4 g6 3. Nc3 Bg7 4. e4 O-O 5. Nf3 d6 6. Be3 Nc6 7. d5 Nb8 8. h3 e6 9. Bd3 c6 10. O-O cxd5 11. cxd5 exd5 12. exd5 Nbd7 13. Re1 a6 14. Bd4 Nh5 15. Bf1 b5 16. Bxg7 Nxg7 17. Nd4 Bb7 18. Nc6 Qb6 19. Ne4 Bxc6 20. dxc6 Qxc6 21. Rc1 Qb6 22. Qxd6 Qxd6 23. Nxd6 Ne6 24. g3 Nb6 25. Bg2 Ra7 26. b3 Nd7 27. Rc6 Nd4 28. Rcc1 Nf6 29. Rcd1 Ne6 30. f4 Rc7 31. Rd2 Rd8 32. Red1 Kg7 33. f5 Nc5 34. fxg6 Kxg6 35. b4 Na4 36. Ne4 Rxd2 37. Rxd2 Nxe4 38. Bxe4+ Kg7 39. Rd6 Nc3 40. Bf5 Nxa2 41. Rxa6 Nxb4 42. Rb6 Rc3 43. Kg2 Rc5 44. Bd7 Rc2+ 45. Kf3 Rc3+ 46. Kg2 Nc2 47. Rxb5 Nd4 48. Rd5 Rc2+ 49. Kf1 Ne2 50. Rd3 Nc1 51. Re3 h6 52. Bf5 Rb2 53. h4 Nb3 54. Ke1 Nd4 55. g4 h5 56. Bd7 Nc2+ 0-1


[Site "https://www.chess.com"]

[Event "Titled Tuesday Blitz March 15 Late 2022"]
[White "Magallanes, Rey Jomar"]
[Black "Vifleemskaia, Svetlana"]
[WhiteFideId "5205948"]
[BlackFideId "4129490"]
[WhiteElo "2212"]
[BlackElo "1901"]
[Result "0-1"]
[Round "10"]
[TimeControl "180+1"]
[Date "2022.03.16"]
[WhiteClock "0:00:20"]
[BlackClock "0:00:50"]

1. e4 e5 2. Nf3 Nc6 3. Bc4 Nf6 4. d3 Be7 5. Nc3 O-O 6. h3 d6 7. Be3 Be6 8. Bxe6 fxe6 9. O-O d5 10. exd5 exd5 11. d4 e4 12. Ne5 Bd6 13. f4 exf3 14. Nxc6 f2+ 15. Rxf2 bxc6 16. Qd3 Qe8 17. Re1 Bg3 18. Rfe2 Bxe1 19. Bg5 Qg6 20. Qxg6 Bf2+ 21. Rxf2 hxg6 22. a3 Rae8 23. Bxf6 Rxf6 24. Rxf6 gxf6 25. Na4 Re2 26. c3 Kf7 27. b4 Ra2 28. Nc5 Rxa3 29. Nb7 Rxc3 30. Nd8+ Ke7 31. Nb7 Rc4 0-1


[Site "https://www.chess.com"]

[Event "Titled Tuesday Blitz March 15 Late 2022"]
[White "Maghsoodloo, Parham"]
[Black "Paravyan, David"]
[WhiteFideId "12539929"]
[BlackFideId "4194985"]
[WhiteElo "2630"]
[BlackElo "2569"]
[Result "0-1"]
[Round "10"]
[TimeControl "180+1"]
[Date "2022.03.15"]
[WhiteClock "0:00:05"]
[BlackClock "0:00:08"]

1. d4 Nf6 2. Nf3 g6 3. c4 Bg7 4. Nc3 d5 5. Qb3 dxc4 6. Qxc4 O-O 7. e4 a6 8. Be2 b5 9. Qb3 c5 10. dxc5 Be6 11. Qc2 Nbd7 12. Be3 Rc8 13. Rd1 Qa5 14. a3 b4 15. axb4 Qxb4 16. c6 Rxc6 17. Nd4 Rd6 18. Nxe6 Rxd1+ 19. Bxd1 fxe6 20. O-O Rb8 21. b3 a5 22. Na4 Qxe4 23. Qc7 Qe5 24. Qa7 Qd5 25. Nc5 Ra8 26. Qc7 Nxc5 27. Bxc5 Qd7 28. Qxd7 Nxd7 29. Bxe7 Bf8 30. Bg5 Kf7 31. g3 Rb8 32. Bc2 Nc5 33. Rd1 Rb7 34. Rb1 Be7 35. Be3 a4 36. b4 Nb3 37. Bxb3 axb3 38. Bd2 Rd7 39. Be1 Rd3 40. b5 Bc5 41. Kf1 e5 42. Ke2 e4 43. Bd2 Ke6 44. f4 Kd5 45. g4 Kc4 46. f5 gxf5 47. gxf5 Rf3 0-1


[Site "https://www.chess.com"]

[Event "Titled Tuesday Blitz March 15 Late 2022"]
[White "Maltsevskaya, Aleksandra"]
[Black "Sokolovsky, Yahli"]
[WhiteFideId "24174041"]
[BlackFideId "2820242"]
[WhiteElo "2241"]
[BlackElo "1770"]
[Result "0-1"]
[Round "10"]
[TimeControl "180+1"]
[Date "2022.03.15"]
[WhiteClock "0:00:02"]
[BlackClock "0:00:08"]

1. e4 g6 2. d4 Bg7 3. Nf3 d6 4. c3 a6 5. Bd3 b5 6. a4 bxa4 7. O-O Bd7 8. Re1 e5 9. dxe5 dxe5 10. Bc4 Ne7 11. Ng5 O-O 12. Qf3 Qe8 13. Qg3 Nbc6 14. Qh4 h6 15. Nf3 Kh7 16. Ng5+ Kg8 17. Nf3 Kh7 18. h3 Na5 19. Bd5 c6 20. Ba2 Nb3 21. Bxb3 axb3 22. Nbd2 Rb8 23. Nc4 Ng8 24. Rd1 Bc8 25. Be3 Qe7 26. Qxe7 Nxe7 27. Bc5 Bf6 28. Ncxe5 Be6 29. Bxe7 Bxe7 30. Nxc6 Rb7 31. Nxe7 Rxe7 32. Rxa6 Bc4 33. Ra4 Rxe4 34. Nd2 Be2 35. Rxe4 Bxd1 36. Rb4 Re8 37. Kf1 Re2 38. Nxb3 Rxb2 39. Nd4 Ra2 40. g3 Ba4 41. Kg2 Kg7 42. Rc4 Bd7 43. Rc7 Ba4 44. h4 Rd2 45. Nf3 Rd5 46. c4 Rf5 47. c5 Bd1 48. Nd4 Rd5 49. Ne6+ Kf6 50. Nf4 Rd4 51. Rc6+ Kg7 52. Rc7 Bb3 53. Kf3 Rd1 54. Ke3 Rc1 55. Kd2 Rc2+ 56. Kd3 Rc1 57. c6 Ba4 58. Kd2 Rxc6 59. Ra7 Rd6+ 60. Ke3 Bc6 61. Ke2 Rf6 62. Nd3 Be4 63. Ne5 Bd5 64. Ke3 Rf5 65. f4 Rf6 66. Kd4 Be6 67. Rc7 h5 68. Ke3 Bf5 69. Re7 Kg8 70. Re8+ Kg7 71. Kd4 Re6 72. Rb8 Rd6+ 73. Ke3 Rd1 74. Rb7 Be6 75. Nf3 Rc1 76. Ng5 Bd5 77. Rd7 Ba2 78. Kd2 Rg1 79. Ra7 Rxg3 80. Ke2 Bc4+ 81. Kf2 Rg4 82. Ke3 Rxh4 83. Nf3 Rh3 84. Kf2 Bd5 85. Ng5 Rd3 86. Rd7 Kf6 87. Nh7+ Kf5 0-1


[Site "https://www.chess.com"]

[Event "Titled Tuesday Blitz March 15 Late 2022"]
[White "Martin Barcelo, Carles"]
[Black "Bilych, Olexiy"]
[WhiteFideId "24561444"]
[BlackFideId "14156504"]
[WhiteElo "1875"]
[BlackElo "2176"]
[Result "0-1"]
[Round "10"]
[TimeControl "180+1"]
[Date "2022.03.15"]
[WhiteClock "0:00:08"]
[BlackClock "0:00:13"]

1. e4 c5 2. Nf3 d6 3. Bb5+ Nd7 4. O-O a6 5. Bd3 Ngf6 6. Re1 g6 7. c3 Bg7 8. Bc2 b5 9. d4 cxd4 10. cxd4 Nb6 11. Bd2 O-O 12. Ba5 Bg4 13. Nbd2 Qb8 14. h3 Bxf3 15. Qxf3 Nfd7 16. Qd3 Rc8 17. Bb3 e6 18. Rac1 Qb7 19. a3 Rc7 20. Nf3 Rac8 21. Bc3 Nc4 22. Bxc4 Rxc4 23. Bd2 Nb6 24. b3 Rxc1 25. Rxc1 Rxc1+ 26. Bxc1 Qc6 27. Bd2 d5 28. e5 Bf8 29. Bb4 Qc1+ 30. Kh2 Bxb4 31. axb4 Nc8 32. h4 Ne7 33. g3 Nc6 34. Ng5 h6 35. Nxe6 fxe6 36. Qxg6+ Kf8 37. Qf6+ Ke8 38. Qxe6+ Ne7 39. Qxa6 Qd2 40. Qxb5+ Kf7 41. Kg2 Qxd4 42. Qb8 Qe4+ 43. Kg1 d4 44. Qd6 d3 45. b5 Qe1+ 46. Kg2 d2 47. Qf6+ Ke8 48. Qh8+ Kd7 49. e6+ Qxe6 50. Qd4+ Qd5+ 51. Qxd5+ Nxd5 0-1


[Site "https://www.chess.com"]

[Event "Titled Tuesday Blitz March 15 Late 2022"]
[White "Martinez Alcantara, Jose Eduardo"]
[Black "Bryakin, Mikhail"]
[WhiteFideId "3805662"]
[BlackFideId "4165314"]
[WhiteElo "2690"]
[BlackElo "2417"]
[Result "1-0"]
[Round "10"]
[TimeControl "180+1"]
[Date "2022.03.15"]
[WhiteClock "0:00:51"]
[BlackClock "0:00:11"]

1. e4 c5 2. Nf3 Nc6 3. Nc3 e5 4. Bc4 d6 5. d3 Be7 6. Nd5 Nf6 7. Nxf6+ Bxf6 8. c3 O-O 9. O-O Be6 10. h3 d5 11. exd5 Bxd5 12. Nd2 Re8 13. Ne4 Be7 14. Be3 b6 15. Qa4 Bxc4 16. dxc4 Qc7 17. g4 g6 18. g5 Kg7 19. Rad1 Rad8 20. Rd5 Rd7 21. Rfd1 Red8 22. R1d2 Nb8 23. Qd1 Rxd5 24. cxd5 Bd6 25. c4 Nd7 26. h4 Rf8 27. Qf3 f5 28. gxf6+ Nxf6 29. Ng5 Kg8 30. Ne6 Qe7 31. Nxf8 e4 32. Qh3 Kxf8 33. Qe6 Qxe6 34. dxe6 Ke7 35. Bg5 Be5 36. Rd7+ Kxe6 37. Rxa7 Nd7 38. b3 Bd4 39. a4 Bg7 40. Kg2 h6 41. Be3 h5 42. Ra6 Kf5 43. a5 bxa5 44. Ra7 Ke6 45. Ra6+ Kf5 46. Rxa5 Bf8 47. Ra7 Ke6 48. Bf4 Be7 49. Bg3 Nf6 50. Ra6+ Kd7 51. Kf1 e3 52. f3 1-0


[Site "https://www.chess.com"]

[Event "Titled Tuesday Blitz March 15 Late 2022"]
[White "Meduri, Aakaash"]
[Black "Mikhailov, Viacheslav"]
[WhiteFideId "2032252"]
[BlackFideId "4187369"]
[WhiteElo "2096"]
[BlackElo "2381"]
[Result "1-0"]
[Round "10"]
[TimeControl "180+1"]
[Date "2022.03.16"]
[WhiteClock "0:01:03"]
[BlackClock "0:00:01"]

1. g4 d5 2. Bg2 c6 3. c4 dxc4 4. Qc2 Bxg4 5. Qxc4 Be6 6. Qc2 Nf6 7. Nc3 g6 8. d3 Bg7 9. h4 h5 10. Nf3 O-O 11. Ng5 Bf5 12. e4 Bg4 13. Be3 Na6 14. a3 Qc7 15. f4 Rad8 16. d4 Nh7 17. e5 Nxg5 18. hxg5 e6 19. Kf2 c5 20. d5 exd5 21. Nxd5 Qd7 22. Nf6+ Bxf6 23. gxf6 c4 24. Be4 Rfe8 25. Rag1 Kf8 26. Bxg6 1-0


[Site "https://www.chess.com"]

[Event "Titled Tuesday Blitz March 15 Late 2022"]
[White "Mekhitarian, Krikor Sevag"]
[Black "Xu, Yi"]
[WhiteFideId "2107660"]
[BlackFideId "8605564"]
[WhiteElo "2598"]
[BlackElo "2471"]
[Result "0-1"]
[Round "10"]
[TimeControl "180+1"]
[Date "2022.03.15"]
[WhiteClock "0:00:03"]
[BlackClock "0:00:20"]

1. e4 c5 2. Nf3 d6 3. d4 cxd4 4. Nxd4 Nf6 5. Nc3 a6 6. a3 e5 7. Nf5 d5 8. Bg5 d4 9. Bxf6 gxf6 10. Na2 Bxf5 11. exf5 Qd5 12. Be2 Nc6 13. Bf3 Qb5 14. Qe2 Qxe2+ 15. Kxe2 O-O-O 16. Be4 h5 17. h4 Bh6 18. g3 Kc7 19. Rhd1 Rd6 20. Rd3 Na5 21. Nb4 Rhd8 22. Rad1 Nc4 23. Rb3 b5 24. Nd3 Bf8 25. a4 Kb6 26. axb5 axb5 27. Ra1 R6d7 28. Ra4 Na5 29. Rxa5 Kxa5 30. Kd1 Kb6 31. Bf3 Ra7 32. Bxh5 e4 33. Nf4 Bh6 34. Be2 Ra5 35. Ke1 Kc5 36. Kf1 b4 37. Nh3 Ra1+ 38. Kg2 Re1 39. Bh5 Rc1 40. g4 Rxc2 41. g5 fxg5 42. hxg5 Bxg5 43. Nxg5 e3 44. Ne4+ Kd5 45. Bf3 Kc4 46. Rxb4+ Kxb4 47. Kg3 0-1


[Site "https://www.chess.com"]

[Event "Titled Tuesday Blitz March 15 Late 2022"]
[White "Mikhalsky, Vladimir"]
[Black "Kostiukov, Alexandr"]
[WhiteFideId "14144352"]
[BlackFideId "14108100"]
[WhiteElo "2301"]
[BlackElo "2202"]
[Result "1-0"]
[Round "10"]
[TimeControl "180+1"]
[Date "2022.03.16"]
[WhiteClock "0:01:40"]
[BlackClock "0:00:12"]

1. c4 g6 2. d4 Bg7 3. e4 d6 4. Nc3 e5 5. d5 f5 6. exf5 Bxf5 7. Bd3 Nf6 8. Bxf5 gxf5 9. Nge2 O-O 10. Ng3 f4 11. Nge4 Nbd7 12. Qf3 Nxe4 13. Nxe4 Nf6 14. b3 Nxe4 15. Qxe4 Qg5 16. Bb2 f3 17. g3 a5 18. a4 Rae8 19. Bc1 Qh5 20. Be3 Bh6 21. O-O-O Bxe3+ 22. Qxe3 e4 23. Rd4 Qg6 24. Re1 Qh5 25. h4 Qe5 26. Kc2 c5 27. Rxe4 Qxe4+ 28. Qxe4 Rxe4 29. Rxe4 Rf7 30. Kd3 Kg7 31. Ke3 h5 32. Re6 Rf5 33. Rxd6 Re5+ 34. Kxf3 Re1 35. Rb6 1-0


[Site "https://www.chess.com"]

[Event "Titled Tuesday Blitz March 15 Late 2022"]
[White "Mogranzini, Roberto"]
[Black "Jeet, Jain"]
[WhiteFideId "810894"]
[BlackFideId "5073022"]
[WhiteElo "2469"]
[BlackElo "2085"]
[Result "0-1"]
[Round "10"]
[TimeControl "180+1"]
[Date "2022.03.16"]
[WhiteClock "0:00:31"]
[BlackClock "0:01:38"]

1. c4 Nf6 2. g3 c5 3. Bg2 g6 4. Nc3 Bg7 5. a3 Nc6 6. Nf3 O-O 7. O-O e6 8. b4 cxb4 9. axb4 d5 10. b5 Ne7 11. c5 Ne4 12. Nxe4 dxe4 13. Ng5 Bxa1 14. Nxe4 Bg7 15. e3 a6 16. bxa6 Rxa6 17. d4 b6 18. Qe2 bxc5 19. Nxc5 Ra1 20. Qb2 Qa5 21. Bd2 Rxf1+ 22. Bxf1 Qc7 23. Qb5 Qc6 24. Qxc6 Nxc6 25. Bb5 Na7 26. Ba4 e5 27. d5 Bh3 28. e4 Rc8 29. Be3 Bf8 30. Nb7 Rb8 31. Bc6 Nxc6 32. dxc6 Rc8 33. f3 Rxc6 34. g4 h5 0-1


[Site "https://www.chess.com"]

[Event "Titled Tuesday Blitz March 15 Late 2022"]
[White "Moroni, Luca Jr"]
[Black "Abdyzhapar, Asylbek"]
[WhiteFideId "865834"]
[BlackFideId "13800337"]
[WhiteElo "2573"]
[BlackElo "2331"]
[Result "0-1"]
[Round "10"]
[TimeControl "180+1"]
[Date "2022.03.15"]
[WhiteClock "0:00:02"]
[BlackClock "0:00:17"]

1. d4 Nf6 2. Bf4 d5 3. e3 e6 4. Nf3 Bd6 5. Nbd2 O-O 6. Bd3 c5 7. c3 Qc7 8. Ne5 Nfd7 9. Nxd7 Nxd7 10. Bxd6 Qxd6 11. f4 cxd4 12. cxd4 Nf6 13. O-O Bd7 14. Rc1 Rfc8 15. Qe2 Qb4 16. Nf3 Be8 17. h3 a5 18. a3 Qb6 19. Ne5 h6 20. g4 Ne4 21. Bxe4 dxe4 22. g5 h5 23. g6 fxg6 24. Qg2 Kh7 25. Kh1 Qb3 26. Rce1 Rc2 27. Rf2 Rac8 28. Rg1 Rxf2 29. Qxf2 Rc2 30. Qg3 Qxb2 31. Nxg6 Qxa3 32. Nf8+ Qxf8 33. d5 exd5 34. f5 Qf6 35. Qb8 Bd7 36. Qg3 Bxf5 37. Rf1 a4 38. h4 a3 39. Rg1 a2 40. Qe1 Bg4 41. Qg3 a1=Q 42. Qg2 Qxh4+ 0-1


[Site "https://www.chess.com"]

[Event "Titled Tuesday Blitz March 15 Late 2022"]
[White "Morris-Suzuki, Sophie"]
[Black "Albuquerque Junior,Wellington S."]
[WhiteFideId "30922615"]
[BlackFideId "2151480"]
[WhiteElo "2472"]
[BlackElo "2042"]
[Result "1-0"]
[Round "10"]
[TimeControl "180+1"]
[Date "2022.03.16"]
[WhiteClock "0:00:13"]
[BlackClock "0:00:10"]

1. d4 Nf6 2. c4 c5 3. d5 b5 4. cxb5 a6 5. b6 Qxb6 6. Nc3 d6 7. e4 g6 8. Nf3 Bg7 9. Nd2 O-O 10. Be2 Nbd7 11. a4 Ne8 12. a5 Qb8 13. Nc4 Nc7 14. O-O Nb5 15. Na4 Nd4 16. Nab6 Ra7 17. Bd3 Ne5 18. Nxe5 Bxe5 19. Bh6 Bg7 20. Bxg7 Kxg7 21. f4 Bd7 22. Rb1 Bb5 23. b4 Rc7 24. bxc5 dxc5 25. e5 Rd8 26. Rf2 Qb7 27. f5 Bxd3 28. f6+ exf6 29. exf6+ Kh8 30. Qxd3 Nb5 31. Qh3 Nd6 32. Qh6 Rg8 33. Rf3 g5 34. Rh3 1-0


[Site "https://www.chess.com"]

[Event "Titled Tuesday Blitz March 15 Late 2022"]
[White "Odegov, Artem"]
[Black "Fiorito, Fabian"]
[WhiteFideId "34183644"]
[BlackFideId "100200"]
[WhiteElo "2286"]
[BlackElo "2395"]
[Result "1-0"]
[Round "10"]
[TimeControl "180+1"]
[Date "2022.03.16"]
[WhiteClock "0:03:02"]
[BlackClock "0:02:03"]

1. d4 Nf6 2. c4 b6 3. Nf3 Bb7 4. g3 g6 5. Bg2 Bg7 6. O-O O-O 7. Nc3 d6 8. Qc2 Nbd7 9. e4 e5 10. d5 a5 11. Bg5 h6 12. Be3 Ne8 13. Rae1 Bc8 14. Nd2 Nc5 15. f4 exf4 16. gxf4 f5 17. e5 dxe5 18. fxe5 Bxe5 19. Bxc5 Bxc3 20. Bxf8 Bd4+ 21. Kh1 Kxf8 22. Nf3 Bf6 23. Ne5 Nd6 24. Nxg6+ Kg7 25. Nf4 Bd7 26. Ne6+ Bxe6 27. Rxe6 Qf8 28. Bh3 Re8 29. Bxf5 Rxe6 30. Bxe6 Qe7 31. Rg1+ Bg5 32. h4 Qf6 33. hxg5 Qf3+ 34. Qg2 Qh5+ 35. Qh3 1-0


[Site "https://www.chess.com"]

[Event "Titled Tuesday Blitz March 15 Late 2022"]
[White "Oro, Luis"]
[Black "Janaszak, Dawid"]
[WhiteFideId "104094"]
[BlackFideId "1119206"]
[WhiteElo "2298"]
[BlackElo "2199"]
[Result "1-0"]
[Round "10"]
[TimeControl "180+1"]
[Date "2022.03.16"]
[WhiteClock "0:00:10"]
[BlackClock "0:00:13"]

1. e4 c5 2. Nf3 Nc6 3. d4 cxd4 4. Nxd4 e5 5. Nb5 d6 6. N1c3 a6 7. Na3 b5 8. Nd5 Nf6 9. Bg5 Be7 10. Bxf6 Bxf6 11. c3 Rb8 12. Nc2 Bg5 13. Be2 Ne7 14. Nce3 Be6 15. Bg4 Bxd5 16. Nxd5 a5 17. O-O O-O 18. Qd3 b4 19. c4 Nc6 20. Rad1 g6 21. g3 Nd4 22. f4 Bh6 23. f5 f6 24. Kh1 Kg7 25. Rg1 a4 26. Rg2 b3 27. a3 gxf5 28. Bxf5 Qe8 29. g4 Kh8 30. h4 Nxf5 31. exf5 Bg7 32. Qh3 e4 33. Re2 Qe5 34. Qh2 h5 35. Qxe5 fxe5 36. Rxe4 hxg4 37. Rxg4 Rxf5 38. Rdg1 Bh6 39. R1g2 Rbf8 40. Kh2 R5f7 41. Nc3 Bf4+ 42. Kh3 Rd7 43. Nxa4 d5 44. Nb6 Rc7 45. Nxd5 Rxc4 46. Ne7 Rf6 47. Rg8+ Kh7 48. R2g7+ Kh6 49. Rg4 Kh7 50. R8g7+ Kh8 51. Ng6+ Kxg7 52. Nxe5+ Kf8 53. Nxc4 Re6 54. Rxf4+ Ke7 55. Kg4 Re2 56. Kf5 Rc2 57. Re4+ Kf7 58. Ke5 Rxb2 59. Nxb2 1-0


[Site "https://www.chess.com"]

[Event "Titled Tuesday Blitz March 15 Late 2022"]
[White "Ozates, Tuna"]
[Black "Goryachkina, Aleksandra"]
[WhiteFideId "6354521"]
[BlackFideId "4147103"]
[WhiteElo "1887"]
[BlackElo "2426"]
[Result "0-1"]
[Round "10"]
[TimeControl "180+1"]
[Date "2022.03.16"]
[WhiteClock "0:00:07"]
[BlackClock "0:00:35"]

1. e4 e6 2. d4 d5 3. e5 c5 4. c3 Nc6 5. Nf3 Nge7 6. Na3 Ng6 7. Nc2 Be7 8. g3 Bd7 9. h4 h6 10. h5 Nf8 11. Be3 c4 12. b3 b5 13. b4 a5 14. a4 bxa4 15. b5 Na7 16. Nh4 Nxb5 17. Bd2 a3 18. f4 a4 19. Qf3 Rb8 20. f5 Bg5 21. fxe6 fxe6 22. Nxa3 Nxa3 23. Rxa3 Rb1+ 24. Kf2 Bxd2 25. Bd3 Rxh1 26. Ng6 Qg5 27. Nxh8 Rxh5 28. Bg6+ Nxg6 29. Nf7 Qe3+ 30. Qxe3 Bxe3+ 0-1


[Site "https://www.chess.com"]